 Dungeon Crawl Stone Soup version 0.20.1-1-g8b1a95d (webtiles) character file.

60 pstr the Digger (level 4, -2/24 HPs)
             Began as a Kobold Earth Elementalist on Nov 30, 2017.
             Was a Follower of Ashenzari.
             Killed from afar by Natasha (7 damage)
             ... with a magic dart
             ... on level 2 of the Dungeon.
             The game lasted 00:07:36 (2492 turns).

pstr the Digger (Kobold Earth Elementalist)         Turns: 2492, Time: 00:07:36

Health: -2/24      AC:  2    Str:  5    XL:     4   Next: 24%
Magic:  8/8        EV: 15    Int: 17    God:    Ashenzari [*.....]
Gold:   76         SH:  0    Dex: 15    Spells: 5/8 levels left

rFire    . . .     SeeInvis .   a - +0 spear
rCold    . . .     Gourm    .   (shield restricted)
rNeg     . . .     Faith    .   c - +0 robe
rPois    .         Spirit   .   (no helmet)
rElec    .         Reflect  .   (no cloak)
rCorr    .         Harm     .   (no gloves)
MR       .....                  (no boots)
Stlth    ++........             (no amulet)
Regen    0.1/turn               s - ring of wizardry
MPRegen  0.2/turn               (no ring)

@: berserk cooldown, slowed, very slow
A: carnivore 3
a: Curse Item, Scrying, Renounce Religion


You were on level 2 of the Dungeon.
You worshipped Ashenzari.
Ashenzari was aware of your devotion.
You were very full.

You visited 1 branch of the dungeon, and saw 3 of its levels.

You collected 76 gold pieces.

Inventory:

Hand Weapons
 a - a +0 spear (weapon)
Armour
 c - a +0 robe (worn)
 q - a +0 leather armour
Jewellery
 s - a ring of wizardry (left hand)
Scrolls
 i - a scroll of blinking {unknown}
 k - a scroll of amnesia {unknown}
 l - a scroll of teleportation {unknown}
 m - 2 scrolls of remove curse
 o - a scroll of fog {unknown}
 p - a scroll of identify {unknown}
Potions
 h - a potion of curing
Books
 e - a book of Geomancy

   Spells                             Type                      Level
   a - Sandblast                      Earth                        1
   b - Passwall                       Transmutation/Earth          2
   c - Stone Arrow                    Conjuration/Earth            3
   d - Petrify                        Transmutation/Earth          4
   e - Lee's Rapid Deconstruction     Earth                        5
Comestibles
 d - a meat ration
 n - a royal jelly


   Skills:
 + Level 0.1 Polearms
 + Level 2.6 Dodging
 + Level 3.0 Stealth
 + Level 2.9 Spellcasting
 + Level 1.0 Transmutations
 + Level 4.0 Earth Magic


You had 5 spell levels left.
You knew the following spells:

 Your Spells              Type           Power        Failure   Level  Hunger
a - Sandblast             Erth           ###...       1%          1    None
b - Passwall              Tmut/Erth      ##........   4%          2    ##.....


Dungeon Overview and Level Annotations

Branches:
Dungeon (3/15)

Altars:
Ashenzari
Uskayaw

Annotations:
D:2 Natasha


Innate Abilities, Weirdness & Mutations

You are small and have problems with some larger weapons.
You are carnivorous and can eat meat at any time.


Message History

Natasha is moderately wounded.
Natasha closely misses you.
You hit Natasha.
Natasha is severely wounded.
Natasha barely misses you. Natasha casts a spell at you.
You feel as though you will be slow longer.
You hit Natasha.
Natasha is severely wounded.
Natasha misses you. Natasha claws you!
* * * LOW HITPOINT WARNING * * *
You closely miss Natasha.
Natasha is severely wounded.
Natasha claws you.
* * * LOW HITPOINT WARNING * * *
You completely miss Natasha.
Natasha is severely wounded.
Natasha casts a spell at you. The magic dart hits you!
You die...

#≈.≈≈≈..≈≈≈≈≈....<########
#.≈≈≈≈≈≈≈≈≈≈≈≈..#........#####
#.≈≈≈≈≈≈≈≈≈≈.............)....
#..≈≈≈≈≈≈≈≈≈..###..#####.####.
#...≈≈.......≈###..# #÷####.
#....≈....≈≈..#....# #...##.
######.####.###.##.# ###.##.
#.####.###.##.######.#.##
#.....sh@...>.......###..
.#####.########.#########.#.## #
#........#######.# ##.##
#......##.....)....# #.#
....##.............# #.# ....
##.###.######.# #.# .....##.#
#....)...# ####.###
......g.###...###..#######.......
......#.....#.# #.............###


You could see Natasha and a giant cockroach.

Vanquished Creatures
  Natasha (D:2)
  2 worms (D:2)
  2 leopard geckos (D:1)
  A giant cockroach (D:2)
  4 goblins
  6 hobgoblins
  A ball python (D:2)
  4 bats
  A frilled lizard (D:1)
  3 kobolds (D:1)
  4 rats
29 creatures vanquished.

Notes
Turn   | Place    | Note
-------+----------+-------------------------------------------
     0 | D:1      | pstr the Kobold Earth Elementalist began the quest for the Orb.
     0 | D:1      | Reached XP level 1. HP: 10/10 MP: 3/3
   196 | D:1      | Reached XP level 2. HP: 15/15 MP: 1/5
   337 | D:1      | Learned a level 2 spell: Passwall
  1144 | D:2      | Reached XP level 3. HP: 19/19 MP: 4/6
  1216 | D:2      | Noticed Natasha
  1219 | D:2      | Killed Natasha
  1219 | D:2      | Reached skill level 4 in Earth Magic
  1392 | D:2      | Reached XP level 4. HP: 24/24 MP: 3/8
  1577 | D:2      | Found a faded altar of an unknown god.
  1981 | D:2      | Became a worshipper of Ashenzari the Shackled
  1981 | D:2      | Reached * piety under Ashenzari
  2011 | D:2      | Found a hide-covered altar of Uskayaw.
  2069 | D:2      | Noticed Natasha
  2492 | D:2      | Killed from afar by Natasha

Skill      XL: |  1  2  3 |
---------------+----------+-----
Stealth        | 3 |  3.0
Earth Magic    | 4 |  4.0
Polearms       | |  0.1
Dodging        | |  2.6
Spellcasting   | |  2.9
Transmutations | |  1.0

Action                   |  1- 3 |  4- 6 || total
-------------------------+-------+-------++-------
Melee: Spear             |       |    62 ||    62
       Unarmed           |       |     2 ||     2
 Cast: Sandblast         |    32 |     3 ||    35
       Passwall          |       |     5 ||     5
  Use: Potion            |       |     5 ||     5
  Eat: Chunk             |    10 |     3 ||    13
Armor: Robe              |     2 |    18 ||    20
Dodge: Dodged            |     7 |    61 ||    68
